 Dungeon Crawl Stone Soup version 0.29-a0-323-g050149af67 (webtiles) character file.

Game seed: 13345429588728829671

1799 bande the Chopper (level 9, -5/55 HPs)
             Began as a Gargoyle Fighter on Apr 10, 2022.
             Killed by divine providence
             ... invoked by an orc priest
              (16 damage)
             ... on level 5 of the Dungeon.
             The game lasted 00:07:33 (4346 turns).

bande the Chopper (Gargoyle Fighter)                Turns: 4346, Time: 00:07:34

Health: -5/55      AC: 20    Str: 19    XL:     9   Next: 9%
Magic:  9/9        EV:  7    Int: 10    God:
Gold:   170        SH:  5    Dex: 13    Spells: 8/8 levels left

rFire   . . .      SeeInvis .   a - +1 war axe
rCold   . . .      Faith    .   c - +0 buckler
rNeg    + . .      Spirit   .   g - +0 chain mail
rPois   ∞          Reflect  .   f - +0 helmet
rElec   +          Harm     .   o - +0 cloak {Will+}
rCorr   .          Rampage  .   (no gloves)
Will    +....                   h - +0 pair of boots
Stlth   ..........              (no amulet)
HPRegen 0.18/turn               (no ring)
MPRegen 0.11/turn               (no ring)

@: no status effects
A: sickness immunity, AC +6, negative energy resistance 1, electricity
resistance, torment resistance 1, petrification resistance
a: no special abilities


You were on level 5 of the Dungeon.
You visited 1 branch of the dungeon, and saw 5 of its levels.

You collected 170 gold pieces.

Inventory:

Hand Weapons
 a - a +1 war axe (weapon)
 p - a -1 mace of draining
Armour
 c - a +0 buckler (worn)
 f - a +0 helmet (worn)
 g - a +0 chain mail (worn)
 h - a +0 pair of boots (worn)
 o - a +0 cloak of willpower (worn)
Jewellery
 b - an amulet of the acrobat
Wands
 n - a wand of polymorph (7)
Potions
 d - a potion of might
 e - a potion of heal wounds
 i - a potion of attraction {unknown}
 j - a potion of mutation {unknown}
 k - 2 potions of cancellation
 m - a potion of lignification {unknown}


   Skills:
 + Level 5.7 Fighting
 + Level 7.6 Axes
 + Level 6.0 Armour
 + Level 4.5 Shields
 * Level 3.3 Evocations


You had 8 spell levels left.
You didn't know any spells.
Your spell library contained the following spells:

 Spells                   Type           Power      Damage    Failure   Level
 Foxfire                  Conj/Fire      0%         2x1d4     99%         1
 Pain                     Necr           0%         1d4       99%         1
 Blink                    Tloc           0%         N/A       100%        2
 Conjure Flame            Conj/Fire      0%         6-21      100%        3
 Frozen Ramparts          Ice            0%         1d2       100%        3
 Inner Flame              Hex/Fire       0%         N/A       100%        3
 Lesser Beckoning         Tloc           0%         N/A       100%        3
 Cause Fear               Hex            0%         N/A       100%        4
 Flame Wave               Conj/Fire      0%         2d4       100%        4
 Ice Form                 Ice/Tmut       0%         N/A       100%        4
 Summon Ice Beast         Ice/Summ       0%         N/A       100%        4
 Agony                    Necr           0%         N/A       100%        5
 Excruciating Wounds      Necr           0%         N/A       100%        5
 Manifold Assault         Tloc           0%         N/A       100%        5
 Discord                  Hex            0%         N/A       100%        8


Dungeon Overview and Level Annotations

Branches:
Dungeon (5/15)
 Temple: D:4-7

Altars:
Wu Jian


Innate Abilities, Weirdness & Mutations

You are immune to sickness and miasma.
Your stone body is resilient. (AC +6)
You are immune to poison.
You resist negative energy. (rN+)
You are resistant to electric shocks. (rElec)
You are resistant to unholy torment.
You are immune to petrification.


Message History

The slug dart hits you but does no damage.
The orc priest hits you but does no damage.
The orc hits you but does no damage.
You closely miss the scorpion.
The scorpion is moderately wounded.
You hit the dart slug but do no damage. You slash the orc priest!
You kill the orc priest!
You hit the orc. The scorpion closely misses you. The orc barely misses you.
The dart slug bites you but does no damage.
Your Armour skill increases to level 6!
You hit the scorpion.
The scorpion is heavily wounded.
You slash the dart slug!
You kill the dart slug!
You hit the orc but do no damage. You barely miss the orc.
The scorpion barely misses you. The orc hits you but does no damage.
The orc hits you with a +0 vorpal hand axe.
A jelly comes into view.
The scorpion stings you but does no damage.
The jelly quivers.
You slash the scorpion!
You kill the scorpion!
You hit the ogre but do no damage. You closely miss the orc. You hit the orc.
The ogre closely misses you.
Unknown command.
You barely miss the orc. x2; You hit the ogre.
You slash the orc!
You kill the orc!
The orc priest calls down the wrath of Beogh upon you.
Beogh smites you! The orc closely misses you. You block the ogre's attack.
You slash the orc!
You kill the orc!
You slash the ogre! You slash the orc!
You kill the orc!
The orc priest miscasts a cantrip.
The gnoll hits you with a +0 club!
* * * LOW HITPOINT WARNING * * *
The ogre barely misses you.
The orc priest calls down the wrath of Beogh upon you.
Beogh smites you!
You die...

#.......##...###. ...
#.......#........ ...
........#.......##..
........#..#.......#
#..J......#....... ).
#..............# .
#..###..)gO.......# ..
#:......#@)o.##...### ..#
#.....##oo...#.....##..##
##.......................#
##.......†)##..#....<......
#.............###.#######..
#..............####
..............##
#......##...##
#.###......##


You could see an ogre, a jelly, an orc priest, a gnoll and 2 orcs.

Vanquished Creatures
  Pikel (D:4)
  Grinder (D:3)
  Eustachio (D:4)
  An orc warrior (D:4)
  2 phantoms (D:4)
  5 scorpions
  2 hounds
  Crazy Yiuf (D:3)
  2 orc priests
  2 iguanas
  An orc wizard (D:5)
  Robin (D:3)
  4 gnolls (D:3)
  9 adders
  2 worms
  4 dart slugs
  20 orcs
  7 endoplasms
  5 giant cockroaches
  19 goblins
  12 hobgoblins
  4 jackals (D:4)
  3 quokkas
  5 ball pythons
  15 bats
  3 frilled lizards (D:3)
  7 kobolds
  7 rats
146 creatures vanquished.

Vanquished Creatures (others)
  A fungus (D:4)
1 creature vanquished.

Grand Total: 147 creatures vanquished

Notes
Turn   | Place    | Note
-------+----------+-------------------------------------------
     0 | D:1      | bande the Gargoyle Fighter began the quest for the Orb.
     0 | D:1      | Reached XP level 1. HP: 14/14 MP: 1/1
   167 | D:1      | Reached XP level 2. HP: 18/19 MP: 2/2
   266 | D:1      | Reached skill level 2 in Axes
   345 | D:1      | Reached XP level 3. HP: 22/24 MP: 3/3
   439 | D:1      | Found a faded altar of an unknown god.
  1006 | D:2      | Reached XP level 4. HP: 29/29 MP: 4/4
  1229 | D:2      | You fall into a shaft and drop 1 floor!
  1229 | D:3      | Noticed Robin
  1236 | D:3      | Killed Robin
  1237 | D:3      | Reached skill level 3 in Axes
  1583 | D:3      | Noticed Grinder
  1601 | D:3      | Killed Grinder
  1602 | D:3      | Reached skill level 4 in Axes
  1602 | D:3      | Reached XP level 5. HP: 19/34 MP: 5/5
  1602 | D:3      | Reached XP level 6. HP: 22/39 MP: 6/6
  2499 | D:3      | Found a runed translucent door.
  2500 | D:3      | Noticed Crazy Yiuf
  2718 | D:3      | Killed Crazy Yiuf
  3029 | D:4      | Reached skill level 5 in Axes
  3029 | D:4      | Reached XP level 7. HP: 30/44 MP: 7/7
  3216 | D:4      | Noticed Eustachio
  3236 | D:4      | Killed Eustachio
  3237 | D:4      | Reached skill level 5 in Armour
  3237 | D:4      | Reached skill level 1 in Evocations
  3343 | D:4      | Noticed Pikel
  3363 | D:4      | Killed Pikel
  3364 | D:4      | Reached skill level 5 in Fighting
  3364 | D:4      | Reached skill level 6 in Axes
  3364 | D:4      | Reached XP level 8. HP: 38/49 MP: 8/8
  3945 | D:4      | Reached skill level 7 in Axes
  4205 | D:4      | Found an ornate altar of the Wu Jian Council.
  4298 | D:5      | Entered Level 5 of the Dungeon
  4326 | D:5      | Reached XP level 9. HP: 49/54 MP: 9/9
  4346 | D:5      | Killed from afar by an orc priest

Illustrated notes

Levels and vault maps discovered:
D:1:      lightli_arrival_statue_moat, layout_basic, basic_ecumenical_altar,
          serial_curves, eino_curves_02, eino_curves_01
D:2:      layout_loops_ring, grunt_ministairs_8
D:3:      layout_rooms, uniq_grinder, uniq_robin, uniq_crazy_yiuf_cottage
D:4:      old_forge, layout_basic, chequers_serial_rivers_room_a,
          kennysheep_flooded_box, uniq_eustachio, uniq_pikel
D:5:      layout_cave_pools, serial_park, serial_park_gazebo
          [serial_park_minivault_5x5_4], serial_park_tiny_1, serial_park_tiny_2

Skill      XL: |  1  2  3  4  5  6  7  8  9 |
---------------+----------------------------+-----
Axes           | 2 4 5 6 7 |  7.6
Fighting       | 4 5 |  5.7
Armour         | 4 5 6 |  6.0
Shields        | 4 |  4.5
Evocations     | 2 3 |  3.3

Action                   |  1- 3 |  4- 6 |  7- 9 || total
-------------------------+-------+-------+-------++-------
Melee: War axe           |    76 |   137 |   163 ||   376
  Use: Scroll            |     1 |     4 |     4 ||     9
       Potion            |       |     1 |       ||     1
Armor: Scale mail        |    49 |       |       ||    49
       Chain mail        |     2 |   117 |   145 ||   264
Dodge: Dodged            |    38 |    51 |    94 ||   183
Block: Buckler           |    11 |    25 |    41 ||    77

Table legend: (Time is in decaauts)
 A = Elapsed time spent in this place.
 B = Non-inter-level travel time spent in this place.
 C = Inter-level travel time spent in this place.
 D = Time resting spent in this place.
 E = Time spent auto-exploring this place.
 F = Levels seen in this place.
 G = Mean time per level.
                   A        B        C        D        E       F      G
               +--------+--------+--------+--------+--------+-----+--------+
         Total |   4450 |   4346 |    104 |    706 |   2612 |   5 |  890.0 |
       Dungeon |   4450 |   4346 |    104 |    706 |   2612 |   5 |  890.0 |
               +--------+--------+--------+--------+--------+-----+--------+

Top non-repeatable levels by time:
     D:3: 1420 daAuts
     D:4: 1343 daAuts
     D:2: 853 daAuts
     D:1: 781 daAuts
     D:5: 51 daAuts
